 Dungeon Crawl Stone Soup version 0.15.2 (webtiles) character file.

4212 JaMaZz the Nimble (level 10, -2/79 HPs)
             Began as a Human Berserker on Jan 3, 2015.
             Was a Believer of Trog.
             Slain by a hill giant
             ... wielding a +0 giant club
              (26 damage)
             ... on Level 10 of the Dungeon.
             The game lasted 02:04:55 (12585 turns).

JaMaZz the Nimble (Human Berserker)                Turns: 12585, Time: 02:04:55

HP  -2/79        AC 14     Str 21      XL: 10   Next: 54%
MP  10/10        EV 13     Int  8      God: Trog [**....]
Gold 580         SH  0     Dex 11 (12) Spells:  0 memorised,  9 levels left

rFire  . . .     SeeInvis .     P - +0 long sword (protect)
rCold  + . .     Clarity  .     M - +0 ring mail {rC+}
rNeg   . . .     rCorr    .     (no shield)
rPois  .         rRot     .     (no helmet)
rElec  .         Spirit   .     (no cloak)
SustAb .         Warding  .     h - +0 pair of gloves
rMut   .         Stasis   .     (no boots)
Gourm  .                        (no amulet)
MR     +++..                    F - ring of protection from magic
                                z - ring of invisibility

@: regenerating, extremely resistant to hostile enchantments, unstealthy
A: rugged brown scales 1, camouflage 1, breathe flames 1
a: Burn Spellbooks, Berserk, Trog's Hand, Renounce Religion, Breathe Fire, Evoke
Invisibility


You were on level 10 of the Dungeon.
You worshipped Trog.
Trog was pleased with you.
You were not hungry.

You visited 2 branches of the dungeon, and saw 11 of its levels.

You collected 580 gold pieces.

Inventory:

Hand weapons
 a - a +0 short sword
 b - a +1 long sword of holy wrath
 e - a +0 hunting sling
 f - a +1 dagger of venom
 y - a cursed +2 dagger of pain
 P - a +0 long sword of protection (weapon)
Missiles
 d - 37 stones (quivered)
 g - 4 throwing nets
 r - 7 tomahawks
 u - 6 javelins
 E - an arrow
Armour
 h - a +0 pair of gloves (worn)
 x - a +0 chain mail
 M - a +0 ring mail of cold resistance (worn)
 O - a +0 scale mail
Magical devices
 H - a wand of frost (7) {unknown}
Comestibles
 c - 5 bread rations
 w - a meat ration
Scrolls
 n - 4 scrolls of remove curse
 p - 3 scrolls of enchant armour
 q - 7 scrolls of identify
 A - a scroll of amnesia {unknown}
 B - a scroll of teleportation
 D - 2 scrolls of recharging
 L - a scroll of fog
Jewellery
 m - an uncursed amulet of resist mutation
 s - an uncursed ring of protection from cold
 t - an uncursed amulet of rage
 z - a ring of invisibility (left hand)
 C - a +3 ring of evasion
 F - a ring of protection from magic (right hand)
Potions
 j - a potion of heal wounds
 o - a potion of beneficial mutation
 v - a potion of cancellation
 I - a potion of curing
Miscellaneous
 k - a plain deck of changes


   Skills:
 + Level 6.4 Fighting
 + Level 6.4(6.5) Short Blades
 + Level 1.1(4.1) Long Blades
 + Level 3.9 Throwing
 + Level 7.3 Armour
 + Level 9.1 Dodging
 + Level 1.3 Stealth


You had 9 spell levels left.
You didn't know any spells.

Dungeon Overview and Level Annotations

Branches:
Dungeon (10/15)            Temple (1/1) D:7
    Orc: D:9-12        Lair: D:8-11

Altars:
Ashenzari
Cheibriados
Dithmenos
Elyvilon
Fedhas
Kikubaaqudgha
Makhleb
Nemelex Xobeh
Okawaru
Qazlal
Sif Muna
Trog
Vehumet
Xom
Yredelemnul
Zin
The Shining One

Shops:
D:4 ?


Innate Abilities, Weirdness & Mutations

You are partially covered in rugged brown scales (AC +1, +3% HP).
Your skin changes colour to match your surroundings (Stealth).
You can breathe flames.


Message History

The hill giant is lightly wounded.
The hill giant hits you with a giant club!!
Use which ability? (? or * to list)
Your skin crawls.
You feel resistant to hostile enchantments.
You feel slightly more hungry. The hill giant barely misses you.
You hit the hill giant.
The hill giant is moderately wounded.
You hit the hill giant.
The hill giant is moderately wounded.
You feel the effects of Trog's Hand fading.
The hill giant hits you with a giant club!!
The hill giant hits you with a giant club!
* * * LOW HITPOINT WARNING * * *
Read which item? (? for menu, Esc to quit)
As you read the scroll of fog, it crumbles to dust.
The scroll dissolves into smoke.
You feel less exhausted.
The hill giant hits you with a giant club!!
You die...

####...(......#
#.............#
...............#
#.............#
######..#######
#..# #§§# # #§§#
#.. #§@#
##....#§C#
......§§§#
##....#.##
######+


You could see a hill giant.

Vanquished Creatures
  A wyvern (D:9)
  A deep elf mage (D:9)
  Edmund (D:7)
  2 ice beasts
  A water moccasin (D:7)
  3 orc warriors (D:8)
  A sky beast (D:5)
  5 ogres
  A phantom (D:7)
  7 centaurs
  2 giant frogs
  A big kobold (D:8)
  4 scorpions
  5 wights (D:8)
  2 crimson imps
  A giant frog zombie (D:6)
  A centaur zombie (D:8)
  2 goliath beetles
  6 hounds
  3 quasits
  4 orc priests
  2 jellies
  6 orc wizards
  5 iguanas
  8 worker ants
  A mummy (D:10)
  4 gnolls (D:3)
  14 adders
  A giant mite (D:8)
  A shadow imp (D:5)
  An inept feature mimic (D:4)
  A worm (D:4)
  An orc skeleton (D:8)
  An adder skeleton (D:7)
  4 giant geckos
  6 oozes
  25 orcs
  A ball python (D:4)
  7 giant cockroaches
  10 goblins
  20 hobgoblins
  8 jackals
  19 kobolds
  7 quokkas
  13 bats
  4 giant newts
  A giant newt skeleton (D:4)
  11 rats
236 creatures vanquished.

Vanquished Creatures (others)
  A giant spore (D:9)
1 creature vanquished.

Grand Total: 237 creatures vanquished

Notes
Turn   | Place    | Note
--------------------------------------------------------------
     0 | D:1      | JaMaZz, the Human Berserker, began the quest for the Orb.
     0 | D:1      | Reached XP level 1. HP: 18/18 MP: 1/1
   166 | D:1      | Reached XP level 2. HP: 18/24 MP: 2/2
   605 | D:1      | Reached XP level 3. HP: 22/29 MP: 3/3
   853 | D:2      | Found a blossoming altar of Fedhas.
   939 | D:2      | Acquired Trog's second power
  1033 | D:2      | Found a sparkling altar of Nemelex Xobeh.
  1254 | D:2      | Reached XP level 4. HP: 35/35 MP: 4/4
  1882 | D:3      | Reached XP level 5. HP: 37/41 MP: 5/5
  2239 | D:3      | Noticed a fire elemental
  2248 | D:3      | Found a stormy altar of Qazlal.
  2250 | D:3      | Noticed an air elemental
  2251 | D:3      | Noticed an earth elemental
  2251 | D:3      | Noticed a water elemental
  2373 | D:3      | Reached skill level 4 in Short Blades
  2385 | D:3      | Reached XP level 6. HP: 48/48 MP: 6/6
  2990 | D:4      | Found a staircase to the Ecumenical Temple.
  3102 | D:4      | Found Xeschae's Magic Scroll Boutique.
  3142 | D:4      | the staircase to the Ecumenical Temple was a mimic.
  3392 | D:4      | Found a shattered altar of Ashenzari.
  4017 | D:4      | Gained mutation: Your skin changes colour to match your surroundings (Stealth). [potion of mutation]
  4017 | D:4      | Gained mutation: You are partially covered in rugged brown scales (AC +1, +3% HP). [potion of mutation]
  4017 | D:4      | Gained mutation: You can breathe flames. [potion of mutation]
  4022 | D:5      | Entered Level 5 of the Dungeon
  4037 | D:5      | Reached XP level 7. HP: 55/55 MP: 7/7
  4055 | D:5      | Found an ancient bone altar of Kikubaaqudgha.
  4117 | D:5      | Noticed a sky beast
  4170 | D:5      | Killed a sky beast
  4827 | D:5      | Reached skill level 1 in Throwing
  5306 | D:5      | Reached XP level 8. HP: 49/62 MP: 8/8
  5337 | D:5      | HP: 3/62 [poisoned by a centaur]
  5343 | D:5      | HP: 3/62 [poisoned by a centaur]
  5595 | D:5      | Reached skill level 5 in Dodging
  6000 | D:5      | Reached skill level 5 in Armour
  6568 | D:6      | Found a shadowy altar of Dithmenos.
  7063 | D:6      | HP: 3/62 [poisoned by an orc wizard]
  7065 | D:6      | HP: 1/62 [poisoned by an orc wizard]
  7070 | D:6      | HP: 2/62 [poisoned by an orc wizard]
  7194 | D:6      | Reached skill level 5 in Short Blades
  7464 | D:7      | Found a staircase to the Ecumenical Temple.
  7479 | D:7      | Reached skill level 5 in Fighting
  7548 | Temple   | Entered the Ecumenical Temple
  7688 | D:7      | Reached skill level 6 in Dodging
  7824 | D:7      | Found a burning altar of Makhleb.
  7932 | D:7      | Reached XP level 9. HP: 36/70 MP: 9/9
  8018 | D:7      | Noticed Edmund
  8031 | D:7      | Killed Edmund
  8278 | D:7      | Reached skill level 7 in Dodging
  9498 | D:8      | Reached skill level 8 in Dodging
  9532 | D:8      | Reached skill level 1 in Stealth
  9582 | D:8      | Reached XP level 10. HP: 59/78 MP: 10/10
 10848 | D:9      | Reached skill level 9 in Dodging
 12063 | D:9      | Reached skill level 1 in Long Blades
 12485 | D:9      | Identified a scroll of acquirement
 12532 | D:10     | Entered Level 10 of the Dungeon
 12574 | D:10     | Noticed a hill giant
 12585 | D:10     | Slain by a hill giant

Action                   |  1- 3 |  4- 6 |  7- 9 | 10-12 || total
-------------------------+-------+-------+-------+-------++-------
Melee: Short sword       |   128 |   369 |   532 |       ||  1029
       Dagger            |       |       |   272 |   110 ||   382
       Long sword        |       |       |       |    96 ||    96
Throw: Stone             |    16 |    26 |   103 |    15 ||   160
Invok: Berserk           |     1 |     4 |    15 |     5 ||    25
       Trog's Hand       |       |     6 |    37 |     3 ||    46
  Use: Scroll            |     3 |     7 |     4 |     4 ||    18
       Potion            |     2 |     4 |     4 |       ||    10
  Eat: Chunk             |     1 |     8 |    25 |     4 ||    38
       Bread ration      |       |     1 |     1 |     2 ||     4
       Fruit             |       |     3 |       |       ||     3
       Pizza             |       |       |     1 |       ||     1
       Beef jerky        |       |       |     5 |     3 ||     8
